 Dungeon Crawl Stone Soup version 0.25.1-1-g288607f5aa (webtiles) character file.

Game seed: 16237342251641845385

15807 Ijustatesigmund the Cleaver (level 12, -7/89 HPs)
             Began as an Octopode Gladiator on July 21, 2020.
             Was an Elder of Cheibriados.
             Killed from afar by a wizard (39 damage)
             ... with a fireball
             ... on level 12 of the Dungeon.
             The game lasted 00:37:17 (12749 turns).

Ijustatesigmund the Cleaver (Octopode Gladiator)   Turns: 12749, Time: 00:37:19

Health: -7/89      AC:  7    Str: 26    XL:     12   Next: 30%
Magic:  18/18      EV: 26    Int: 27    God:    Cheibriados [****..]
Gold:   745        SH: 18    Dex: 31    Spells: 8/11 levels left

rFire    . . .     SeeInvis .   a - +3 war axe
rCold    + . .     Gourm    .   g - +0 tower shield
rNeg     . . .     Faith    .   B - +2 hat
rPois    +         Spirit   .   E - amulet of regeneration
rElec    .         Reflect  .   N - +4 ring of evasion
rCorr    +         Harm     .   m - +4 ring of evasion
MR       .....                  r - +6 ring of intelligence
Stlth    +++++.....             o - ring of poison resistance
HPRegen  0.64/turn              t - ring of protection from cold
MPRegen  0.16/turn              w - +4 ring of protection
                                y - ring of resist corrosion
                                I - +6 ring of dexterity

@: about to teleport, very slightly contaminated, very slow
A: almost no armour, stealthy swim, amphibious, 8 rings, constrict 8, camouflage
1, gelatinous body 1
a: Bend Time, Temporal Distortion, Slouch, Renounce Religion


You were on level 12 of the Dungeon.
You worshipped Cheibriados.
Cheibriados was greatly pleased with you.
You were not hungry.

You visited 2 branches of the dungeon, and saw 13 of its levels.
You also visited: Sewer.

You collected 745 gold pieces.

Inventory:

Hand Weapons
 a - a +3 war axe (weapon)
 L - a cursed +5 morningstar
Missiles
 c - 3 throwing nets
 j - 22 poisoned darts (quivered)
 H - a curare-tipped dart
Armour
 g - a +0 tower shield (worn)
 B - a +2 hat (worn)
Jewellery
 f - an uncursed ring of positive energy
 m - a +4 ring of evasion (right tentacle)
 o - a ring of poison resistance (on tentacle)
 r - a +6 ring of intelligence (on tentacle)
 s - an uncursed ring of ice
 t - a ring of protection from cold (on tentacle)
 w - a +4 ring of protection (on tentacle)
 y - a ring of resist corrosion (on tentacle)
 C - an uncursed ring of protection from cold
 E - an amulet of regeneration (around mantle)
 I - a +6 ring of dexterity (on tentacle)
 K - an uncursed ring of flight
 N - a +4 ring of evasion (left tentacle)
Wands
 b - a wand of digging (10)
 n - a wand of acid (7)
 x - a wand of iceblast (13)
 O - a wand of paralysis (11)
Scrolls
 h - 7 scrolls of teleportation
 k - a scroll of blinking
 l - 4 scrolls of fear
 p - 6 scrolls of remove curse
 F - 2 scrolls of amnesia
 G - a scroll of identify
Potions
 e - 2 potions of curing
 i - a potion of brilliance
 q - 5 potions of flight
 u - 2 potions of magic
 z - 2 potions of stabbing
 D - 2 potions of lignification
 J - 2 potions of might
Comestibles
 d - 23 rations
 v - 9 chunks of flesh


   Skills:
 - Level 10.6 Fighting
 - Level 10.9 Axes
 - Level 2.0 Throwing
 + Level 7.6 Dodging
 - Level 4.0 Stealth
 + Level 7.3 Shields
 + Level 8.4 Invocations


You had 8 spell levels left.
You knew the following spells:

 Your Spells              Type           Power        Failure   Level  Hunger
a - Magic Dart            Conj           #...         75%         1    ##.....
b - Blink                 Tloc           N/A          87%         2    ###....

Your spell library contained the following spells:

 Spells                   Type           Power        Failure   Level  Hunger
 Corona                   Hex            #......      75%         1    ##.....
 Sandblast                Erth           #.....       75%         1    ##.....
 Call Imp                 Summ           #.......     87%         2    ###....
 Ensorcelled Hibernation  Hex/Ice        #.....       87%         2    ###....
 Passwall                 Tmut/Erth      #.......     87%         2    ###....
 Slow                     Hex            #.......     87%         2    ###....
 Confusing Touch          Hex            #.......     98%         3    ####...
 Conjure Flame            Conj/Fire      #.......     98%         3    ####...
 Dazzling Flash           Conj/Hex       #.....       98%         3    ####...
 Gell's Gravitas          Tloc           #.........   98%         3    ####...
 Mephitic Cloud           Conj/Pois/Air  #.......     98%         3    ####...
 Stone Arrow              Conj/Erth      #.....       98%         3    ####...
 Tukima's Dance           Hex            #.......     98%         3    ####...
 Petrify                  Tmut/Erth      #.......     100%        4    #####..
 Lee's Rapid Deconstruct  Erth           #.........   100%        5    ######.
 Metabolic Englaciation   Hex/Ice        #.........   100%        5    ######.
 Yara's Violent Unravell  Hex/Tmut       #.........   100%        5    ######.


Dungeon Overview and Level Annotations

Branches:
Dungeon (12/15)            Temple (1/1) D:4            Lair (0/6) D:9
    Orc (0/2) D:10          Sewer (visited)

Altars:
Ashenzari
Cheibriados
Dithmenos
Elyvilon
Fedhas
Gozag
Hepliaklqana
Kikubaaqudgha
Makhleb
Nemelex Xobeh
Okawaru
Qazlal
Ru
Sif Muna
Trog
Uskayaw
Vehumet
Wu Jian
Xom
Yredelemnul
Zin
The Shining One

Shops:
D:12 [

Annotations:
D:10 3 runed translucent doors, sirjames's ghost, journeyman GrSk
D:11 2 transporters, Ileemor's ghost, journeyman MiBe
D:12 Frances


Innate Abilities, Weirdness & Mutations

You cannot wear most types of armour.
You are very stealthy in the water. (Stealth+)
You are amphibious.
You can wear up to eight rings at the same time.
You can use your tentacles to constrict eight enemies at once.
Your skin changes colour to match your surroundings (Stealth+).
Your rubbery body absorbs attacks. (AC +1, EV +1)


Message History

You block the deep elf mage's attack. You block the kobold's attack.
The ice devil hits you. The ice devil freezes you! You resist.
The sun demon barely misses you.
Blink to where?
Press: ? - help, Dir - move target cursor, f - you
Okay, then.
Blink to where?
Press: ? - help, Dir - move target cursor You lose your grip on the sun demon.
You are very lightly contaminated with residual magic.
As you read the scroll of blinking, it crumbles to dust.
An adder, a deep elf mage and a wizard come into view.
Found an amulet of regeneration.
As you read the scroll of teleportation, it crumbles to dust.
You feel strangely unstable.
The wizard shouts! x2; The deep elf mage shouts!
The deep elf mage mumbles some strange words.
The wizard gestures at you while chanting.
The fireball explodes!
The fireball engulfs you!!!
You die...

.......# ....... .... ".
......# #.Sp ## ......#
#.... #.## ......##
#....###.p.### ......)#
#...........#. .......#
#............. .......#
#.............##
.......####.e...@........
.......###.##...........##
......###:# ###..........
.....## # ###..3....##
....## #### ##.4.4(.#
...## #...## #e†K.## ...#
#........# #K§(..#
..#####.............)##.##
.####...............###..#


You could see a sun demon (summoned), 2 ice devils, 2 deep elf magi, 2 wizards,
an adder (wandering) and 2 kobolds.

Vanquished Creatures
  A two-headed ogre (D:11)
  Erica (D:9)
  3 wizards (D:12)
  An unseen horror (D:11)
  Pikel (D:6)
  An ugly thing (D:11)
  A cyclops (D:10)
  Joseph (D:8)
  A molten gargoyle (D:10)
  A gargoyle (D:12)
  4 kobold demonologists
  A komodo dragon (D:9)
  2 trolls (D:12)
  A hornet (D:12)
  Prince Ribbit (D:5)
  A hippogriff (D:9)
  2 wyverns
  Eustachio (D:4)
  2 steam dragons
  2 hungry ghosts
  2 soldier ants (D:8)
  An ice beast (D:9)
  A hornet zombie (D:10)
  6 orc warriors
  2 slaves (D:6)
  4 phantoms
  4 sky beasts
  A black bear (D:11)
  2 necrophages (D:10)
  5 ogres
  8 centaurs
  Blork the orc (D:4)
  9 big kobolds
  4 bullfrogs
  4 scorpions
  20 wights
  2 howler monkeys
  2 crimson imps
  3 centaur zombies
  4 hounds
  6 jellies
  6 orc priests
  A bullfrog skeleton (D:8)
  20 orc wizards
  An iron imp (D:8)
  2 iguanas
  11 worker ants
  3 hound skeletons
  A howler monkey zombie (D:6)
  A worker ant zombie (D:9)
  4 river rats
  12 adders
  2 shadow imps
  3 oozes
  An adder zombie (D:8)
  An adder skeleton (D:7)
  6 worms
  4 dart slugs
  12 leopard geckos
  68 orcs
  3 giant cockroaches
  4 goblins
  9 hobgoblins
  7 jackals
  29 kobolds
  6 quokkas
  4 ball pythons
  13 bats
  5 frilled lizards
  A quokka skeleton (D:6)
  17 rats
377 creatures vanquished.

Vanquished Creatures (others)
  Maurice (D:10)
  A hound (D:10)
  An iguana (D:6)
  An orc wizard (D:8)
  A plant (D:9)
5 creatures vanquished.

Grand Total: 382 creatures vanquished

Notes
Turn   | Place    | Note
-------+----------+-------------------------------------------
     0 | D:1      | Ijustatesigmund the Octopode Gladiator began the quest for
                  | the Orb.
     0 | D:1      | Reached XP level 1. HP: 14/14 MP: 1/1
   107 | D:1      | Reached XP level 2. HP: 20/20 MP: 2/2
   509 | D:1      | Reached XP level 3. HP: 13/25 MP: 3/3
  1370 | D:2      | Reached XP level 4. HP: 11/31 MP: 4/4
  2095 | D:2      | Noticed a moth of wrath
  2108 | D:2      | Found a bloodstained altar of Trog.
  3377 | D:3      | Reached XP level 5. HP: 33/37 MP: 5/5
  3496 | D:3      | Found a glowing golden altar of the Shining One.
  3646 | D:3      | Reached skill level 1 in Shields
  3647 | D:3      | Noticed an ogre
  3944 | D:3      | Killed an ogre
  3944 | D:3      | Reached XP level 6. HP: 43/43 MP: 6/6
  4180 | D:3      | Found a stormy altar of Qazlal.
  4181 | D:3      | Found a shattered altar of Ashenzari.
  4283 | D:4      | Reached skill level 5 in Axes
  4402 | D:4      | Found a glowing drain.
  4408 | Sewer    | Entered a sewer
  4533 | Sewer    | Reached XP level 7. HP: 42/49 MP: 7/7
  4727 | Sewer    | Reached skill level 5 in Fighting
  4806 | D:4      | Noticed Blork the orc
  4821 | D:4      | Noticed Eustachio
  4823 | D:4      | Killed Blork the orc
  4831 | D:4      | Killed Eustachio
  4942 | D:4      | Reached XP level 8. HP: 57/57 MP: 8/8
  5069 | D:4      | Found a faded altar of an unknown god.
  5149 | D:4      | Found a staircase to the Ecumenical Temple.
  5663 | D:5      | Entered Level 5 of the Dungeon
  5806 | D:5      | Noticed Prince Ribbit
  5814 | D:5      | Found an ancient bone altar of Kikubaaqudgha.
  5825 | D:5      | Killed Prince Ribbit
  5825 | D:5      | Reached skill level 5 in Shields
  6156 | D:5      | Reached XP level 9. HP: 63/63 MP: 9/9
  6216 | D:5      | Reached skill level 1 in Stealth
  6505 | D:5      | Found a sacrificial altar of Ru.
  6506 | D:5      | Found a shimmering altar of Xom.
  6680 | Temple   | Entered the Ecumenical Temple
  7354 | D:6      | Noticed Pikel
  7361 | D:6      | Killed Pikel
  8729 | D:8      | Noticed Erica
  8742 | D:9      | Reached skill level 5 in Dodging
  8830 | D:9      | Reached XP level 10. HP: 45/72 MP: 10/10
  9027 | D:9      | Found the +27 Lear's hauberk
  9027 | D:9      | Noticed a centaur warrior
  9032 | D:9      | Noticed a wizard
  9099 | D:9      | Noticed a two-headed ogre
  9387 | D:8      | Found a snail-covered altar of Cheibriados.
  9395 | D:8      | Became a worshipper of Cheibriados the Contemplative
  9516 | D:8      | Noticed Joseph
  9530 | D:8      | Killed Joseph
  9530 | D:8      | Reached skill level 1 in Invocations
  9793 | D:9      | Learned a level 1 spell: Magic Dart
  9796 | D:9      | Learned a level 2 spell: Blink
  9819 | D:9      | Reached * piety under Cheibriados
 10077 | D:9      | Found a staircase to the Lair.
 10148 | D:9      | Killed Erica
 10207 | D:9      | Reached XP level 11. HP: 81/81 MP: 14/14
 10216 | D:9      | Reached skill level 10 in Axes
 10434 | D:10     | Entered Level 10 of the Dungeon
 10487 | D:10     | Found a staircase to the Orcish Mines.
 10564 | D:10     | Reached ** piety under Cheibriados
 10571 | D:10     | Reached skill level 10 in Fighting
 10571 | D:10     | Reached skill level 5 in Invocations
 10610 | D:10     | Noticed Maurice
 10615 | D:10     | Paralysed by Maurice for 7 turns
 10625 | D:10     | Paralysed by Maurice for 3 turns
 10626 | D:10     | Killed Maurice
 10742 | D:10     | Noticed a sixfirhy
 10830 | D:10     | Found a runed translucent gate.
 10830 | D:10     | Found a runed translucent gate.
 10830 | D:10     | Found a runed translucent gate.
 10830 | D:10     | Noticed a fire giant
 10831 | D:10     | Noticed sirjames's ghost (journeyman GrSk)
 10831 | D:10     | Noticed a cyclops
 10847 | D:10     | Killed a cyclops
 10861 | D:10     | Reached *** piety under Cheibriados
 10906 | D:10     | Noticed a cyclops
 11619 | D:11     | Killed an unseen horror
 11902 | D:11     | Noticed a two-headed ogre
 11911 | D:11     | Killed a two-headed ogre
 11964 | D:11     | Found a transporter.
 11964 | D:11     | Noticed Ileemor's ghost (journeyman MiBe)
 11964 | D:11     | Noticed a two-headed ogre
 11964 | D:11     | Identified the +6 dire flail of Yneogav {drain, Int-2
                  | Dex+5}
 11964 | D:11     | Noticed a two-headed ogre
 11973 | D:11     | Found a transporter.
 12141 | D:11     | Noticed a purple ugly thing
 12150 | D:11     | Killed a purple ugly thing
 12258 | D:12     | Reached **** piety under Cheibriados
 12380 | D:12     | Found Sausepp's Antique Armour Emporium.
 12385 | D:12     | Reached XP level 12. HP: 89/89 MP: 17/17
 12588 | D:12     | Noticed Frances
 12744 | D:12     | Noticed a sun demon
 12749 | D:12     | Killed from afar by a wizard

Illustrated notes

Levels and vault maps discovered:
D:1:      psy_arrival_fountain, layout_basic
D:2:      layout_basic, tgw_trog, chequers_serial_rivers_small_b
D:3:      layout_rooms, gammafunk_temple_overflow_statue,
          kennysheep_minor_cross, tso_metal_star
D:4:      cheibrodos_old_hovel, layout_loops_ring,
          nicolae_temple_entry_ecumenical, gup_sewer_entry_bubbles,
          uniq_eustachio, uniq_blork_the_orc
D:5:      layout_loops_ring, gammafunk_temple_overflow_pools, basic_altar,
          first_ration, uniq_prince_ribbit1
D:6:      layout_loops_ring, minmay_holes, uniq_pikel
D:7:      layout_gridville
D:8:      layout_rooms, slow_altar_2, hangedman_pestilent_swarm, uniq_erica,
          uniq_joseph
D:9:      layout_basic, david_lair_shrubbed, minivault_12
D:10:     lemuel_flame_loot_2, layout_loops_ring, orc_0_dummy,
          gammafunk_ghost_split, uniq_maurice
D:11:     layout_basic, gammafunk_ghost_smash
D:12:     minmay_tri_stars, layout_irregular_city, serial_shops, shop,
          uniq_frances, uniq_josephine
Temple:   regret_index_temple_sphere_string

Skill      XL: |  1  2  3  4  5  6  7  8  9 10 11 12 |
---------------+-------------------------------------+-----
Fighting       | 3 4 5 6 8 9 10 | 10.6
Axes           | 4 5 6 7 8 9 10 | 10.9
Shields        | 1 3 4 5 6 7 |  7.3
Stealth        | 4 |  4.0
Dodging        | 5 6 7 |  7.6
Invocations    | 4 7 8 |  8.4
Throwing       | |  2.0

Action                   |  1- 3 |  4- 6 |  7- 9 | 10-12 || total
-------------------------+-------+-------+-------+-------++-------
Melee: War axe           |    47 |   146 |   261 |   375 ||   829
       Constrict         |    13 |    35 |    58 |    78 ||   184
       Tentacles         |    10 |    21 |    51 |   133 ||   215
Throw: Dart              |       |     4 |     8 |    31 ||    43
       Throwing net      |       |     1 |     1 |     4 ||     6
Evoke: Wand              |       |       |     2 |     7 ||     9
  Use: Scroll            |     4 |    12 |     7 |     9 ||    32
       Potion            |       |       |     3 |     3 ||     6
 Stab: Sleeping          |     5 |    16 |    15 |    17 ||    53
       Held in net/web   |       |     1 |       |       ||     1
       Confused          |       |       |     3 |     1 ||     4
       Distracted        |       |       |     2 |       ||     2
  Eat: Chunk             |       |    11 |    14 |    10 ||    35
Armor: Skin              |     2 |    11 |    29 |    31 ||    73
Dodge: Dodged            |    38 |    70 |   102 |   136 ||   346
Block: Tower shield      |       |    39 |   150 |   278 ||   467
